 Dungeon Crawl Stone Soup version 0.22.1-2-g9c5b331 (webtiles) character file.

2453 video the Thaumaturge (level 9, -32/59 HPs)
             Began as a Mummy Summoner on Nov 27, 2018.
             Was a Follower of Nemelex Xobeh.
             Killed from afar by a guardian golem (69 damage)
             ... with an exploding inner flame
             ... summoned by the player character
             ... on level 8 of the Dungeon.
             The game lasted 01:18:15 (12381 turns).

video the Thaumaturge (Mummy Summoner)             Turns: 12381, Time: 01:18:18

Health: -32/59     AC:  2    Str: 15    XL:     9   Next: 25%
Magic:  10/22      EV: 35    Int: 17    God:    Nemelex Xobeh [*.....]
Gold:   714        SH:  0    Dex: 12    Spells: 17/26 levels left

rFire    x . .     SeeInvis .   k - +3 dagger (venom)
rCold    + . .     Gourm    .   (no shield)
rNeg     + + +     Faith    .   u - +0 robe {MR+}
rPois    ∞         Spirit   .   (no helmet)
rElec    .         Reflect  .   (no cloak)
rCorr    .         Harm     .   (no gloves)
MR       ++...                  (no boots)
Stlth    ++........             c - amulet of the acrobat
HPRegen  0.19/turn              f - +6 ring of evasion
MPRegen  0.18/turn              j - +3 ring of strength

@: no status effects
A: no food or potions, fire vulnerability, cold resistance 1, negative energy
resistance 3, torment resistance, unbreathing
a: Renounce Religion


You were on level 8 of the Dungeon.
You worshipped Nemelex Xobeh.
Nemelex Xobeh was aware of your devotion.
You were not hungry.

You visited 2 branches of the dungeon, and saw 9 of its levels.

You collected 714 gold pieces.

Inventory:

Hand Weapons
 e - a +0 dagger
 k - a +3 dagger of venom (weapon)
Armour
 a - a +0 robe
 p - a +0 cloak
 u - a +0 robe of magic resistance (worn)
Jewellery
 c - an amulet of the acrobat (around neck)
 f - a +6 ring of evasion (left hand)
 j - a +3 ring of strength (right hand)
Wands
 i - a wand of iceblast (17)
 l - a wand of clouds (7)
Scrolls
 b - 2 scrolls of remove curse
 d - a scroll of blinking
 g - 4 scrolls of identify
 h - 3 scrolls of enchant armour
 n - a scroll of fear
 o - a scroll of random uselessness
 q - a scroll of holy word
 r - a scroll of torment
 t - a scroll of teleportation
Miscellaneous
 m - a plain deck of escape {drawn: 4}
 s - a legendary deck of summoning


   Skills:
 + Level 1.5 Fighting
 + Level 2.1 Short Blades
 * Level 4.4 Dodging
 + Level 2.2 Stealth
 + Level 0.1 Unarmed Combat
 + Level 9.1 Spellcasting
 + Level 1.3 Hexes
 + Level 6.3 Summonings
 * Level 3.6 Invocations


You had 17 spell levels left.
You knew the following spells:

 Your Spells              Type           Power        Failure   Level  Hunger
a - Summon Small Mammal   Summ           ####         1%          1    N/A
b - Call Canine Familiar  Summ           ####....     1%          3    N/A
c - Summon Guardian Gole  Hex/Summ       ###.....     6%          3    N/A
d - Call Imp              Summ           ####....     1%          2    N/A

Your spell library contained the following spells:

 Spells                   Type           Power        Failure   Level  Hunger
 Magic Dart               Conj           #...         10%         1    N/A
 Searing Ray              Conj           #.....       14%         2    N/A
 Dazzling Spray           Conj/Hex       #.....       22%         3    N/A
 Summon Ice Beast         Ice/Summ       ###.....     26%         4    N/A
 Summon Lightning Spire   Summ/Air       ###.....     26%         4    N/A
 Fulminant Prism          Conj/Hex       #.........   56%         4    N/A
 Force Lance              Conj/Tloc      #.......     67%         4    N/A
 Iskenderun's Mystic Bla  Conj           #.......     67%         4    N/A

Dungeon Overview and Level Annotations

Branches:
Dungeon (8/15)             Temple (1/1) D:4
   Lair: D:8-11

Altars:
Cheibriados
Dithmenos
Elyvilon
Fedhas
Gozag
Hepliaklqana
Kikubaaqudgha
Makhleb
Nemelex Xobeh
Okawaru
Qazlal
Ru
Trog
Vehumet
Wu Jian
Xom
Yredelemnul
Zin
The Shining One

Shops:
D:4 *   D:6 }   D:7 (*

Annotations:
D:8 Gastronok, Maurice


Innate Abilities, Weirdness & Mutations

You do not eat or drink.
Your flesh is vulnerable to fire.
You are immune to poison.
Your flesh is cold resistant. (rC+)
You are immune to negative energy. (rN+++)
You are immune to unholy pain and torment.
You can survive without breathing.


Message History

Gastronok bites your crimson imp!!!
Your crimson imp dies!
Your hound bites Gastronok.
Gastronok gurgles horribly!
Your hound bites Gastronok.
Your crimson imp hits Gastronok.
Your hound bites Gastronok.
Your guardian golem overheats!
Gastronok bites your hound!!
Your hound dies!
Your hound's corpse disappears in a puff of smoke!
Your guardian golem explodes!
The fiery explosion engulfs your crimson imp.
Your crimson imp completely resists.
The fiery explosion engulfs Gastronok.
The fiery explosion engulfs your iron imp.
Your iron imp completely resists.
The fiery explosion engulfs you! The fire burns you terribly!
Ouch! That really hurt!
You die...
Your body disappears without a glow.

#.##. ....# ....########
###..# #.........# #.#
##.# #.........####'####(#
#.........##........#
###+#.........##.....#....
..............##.....# #
..............##.....#
.<.....5§@....##.....#
.......w§5....##...).#
.....######<####^..<.##
..... ###.# #.....'#
.....####...####.....##
.w.............)######
............)...#
#.....)÷....#
#...........#


You could see Gastronok, a friendly iron imp and a friendly crimson imp.

Vanquished Creatures
  Psyche (D:8)
  A water moccasin (D:7)
  A sky beast (D:8)
  A black bear (D:6)
  2 centaurs
  A big kobold (D:7)
  A scorpion (D:7)
  3 killer bees
  4 crimson imps
  4 hounds
  2 jellies
  An orc wizard (D:6)
  3 worker ants
  A hound skeleton (D:6)
  4 adders
  6 river rats (D:5)
  A shadow imp (D:5)
  A dart slug (D:5)
  A leopard gecko (D:5)
  2 orcs (D:5)
  A bat (D:2)
  4 giant cockroaches
  A goblin (D:2)
  A jackal (D:4)
  3 quokkas (D:5)
  A ball python (D:5)
  A frilled lizard (D:2)
  2 kobolds
  6 rats
61 creatures vanquished.

Vanquished Creatures (collateral kills)
  A hippogriff (D:8)
  Sigmund (D:5)
  A water moccasin (D:8)
  An orc warrior (D:8)
  A phantom (D:7)
  3 centaurs
  A bullfrog (D:7)
  2 scorpions
  3 killer bees (D:7)
  A hound (D:5)
  4 orc priests
  A bullfrog skeleton (D:7)
  3 iguanas
  Ijyb (D:4)
  Natasha (thrice) (D:2)
  An orc wizard (D:3)
  5 worker ants
  A killer bee zombie (D:7)
  A hound zombie (D:6)
  Robin (D:3)
  2 howler monkey zombies
  8 adders
  3 river rats (D:5)
  A shadow imp (D:7)
  An ooze (D:2)
  5 worms
  2 dart slugs
  2 leopard geckos
  15 orcs
  3 giant cockroaches (D:3)
  8 goblins
  8 hobgoblins
  5 jackals
  3 quokkas
  6 bats
  3 frilled lizards
  2 kobolds
  A quokka zombie (D:5)
  20 rats
134 creatures vanquished.

Grand Total: 195 creatures vanquished

Notes
Turn   | Place    | Note
-------+----------+-------------------------------------------
     0 | D:1      | video the Mummy Summoner began the quest for the Orb.
     0 | D:1      | Reached XP level 1. HP: 13/13 MP: 4/4
    44 | D:1      | Reached skill level 3 in Spellcasting
    64 | D:1      | Reached XP level 2. HP: 19/19 MP: 1/6
  1714 | D:2      | Found a glowing golden altar of the Shining One.
  1714 | D:2      | Found an iron altar of Okawaru.
  1715 | D:2      | Found a radiant altar of Vehumet.
  2038 | D:2      | Reached XP level 3. HP: 21/24 MP: 4/8
  2569 | D:2      | Learned a level 3 spell: Call Canine Familiar
  2881 | D:2      | Found a faded altar of an unknown god.
  2974 | D:2      | Noticed Natasha
  2981 | D:2      | Killed Natasha
  2981 | D:2      | Reached skill level 4 in Spellcasting
  2995 | D:2      | Reached XP level 4. HP: 14/30 MP: 5/10
  3313 | D:2      | Noticed Natasha
  3341 | D:2      | Killed Natasha
  3571 | D:2      | Noticed Natasha
  3591 | D:2      | Killed Natasha
  3805 | D:3      | Reached skill level 5 in Spellcasting
  3806 | D:3      | Noticed Robin
  3814 | D:3      | Killed Robin
  4813 | D:3      | Learned a level 3 spell: Summon Guardian Golem
  4879 | D:3      | Reached XP level 5. HP: 12/35 MP: 5/12
  5784 | D:4      | Noticed Ijyb
  5790 | D:4      | Found a glowing silver altar of Zin.
  5799 | D:4      | Learned a level 2 spell: Call Imp
  5803 | D:4      | Found Uwem's Assorted Antiques.
  5827 | D:4      | Killed Ijyb
  6254 | D:4      | Found a staircase to the Ecumenical Temple.
  6277 | Temple   | Entered the Ecumenical Temple
  6486 | Temple   | Became a worshipper of Nemelex Xobeh the Trickster
  6685 | D:4      | Reached XP level 6. HP: 41/41 MP: 10/14
  6940 | D:5      | Entered Level 5 of the Dungeon
  7034 | D:5      | Reached skill level 6 in Spellcasting
  7906 | D:5      | Reached skill level 1 in Invocations
  7964 | D:5      | Reached XP level 7. HP: 29/46 MP: 2/17
  8132 | D:5      | Reached skill level 1 in Short Blades
  8261 | D:5      | Received a gift from Nemelex Xobeh
  8299 | D:5      | You fall through a shaft!
  8303 | D:6      | Reached skill level 7 in Spellcasting
  8598 | D:5      | Noticed Sigmund
  8615 | D:5      | Killed Sigmund
  8615 | D:5      | Reached skill level 5 in Summonings
  9073 | D:6      | Reached * piety under Nemelex Xobeh
  9137 | D:6      | Reached skill level 1 in Fighting
  9254 | D:6      | Found Bokeriud's Gadget Emporium.
  9330 | D:6      | Reached XP level 8. HP: 54/54 MP: 14/19
  9409 | D:6      | Received a gift from Nemelex Xobeh
  9852 | D:6      | Reached skill level 1 in Hexes
 10232 | D:7      | Found Nedubufo's Antique Weapon Boutique.
 10250 | D:7      | HP: 2/54 [bullfrog (5)]
 10578 | D:7      | Reached skill level 8 in Spellcasting
 11505 | D:7      | Found a white marble altar of Elyvilon.
 11518 | D:7      | Found Aladi's General Store.
 11746 | D:8      | Noticed Maurice
 11746 | D:8      | Noticed Psyche
 11915 | D:8      | Reached XP level 9. HP: 41/59 MP: 21/21
 12227 | D:8      | Killed Psyche
 12351 | D:8      | Noticed Gastronok
 12368 | D:8      | Reached skill level 9 in Spellcasting
 12381 | D:8      | Killed from afar by a guardian golem

Skill      XL: |  1  2  3  4  5  6  7  8  9 |
---------------+----------------------------+-----
Spellcasting   | 3 4 5 6 7 8 9 |  9.1
Summonings     | 4 5 6 |  6.3
Dodging        | 2 3 4 |  4.4
Invocations    | 1 2 3 |  3.6
Short Blades   | 1 2 |  2.1
Stealth        | 2 |  2.2
Fighting       | 1 |  1.5
Hexes          | 1 |  1.3
Unarmed Combat | |  0.1

Action                   |  1- 3 |  4- 6 |  7- 9 || total
-------------------------+-------+-------+-------++-------
Melee: Unarmed           |    36 |       |       ||    36
       Dagger            |    35 |   112 |   194 ||   341
 Cast: Summon Small Mamm |    91 |    46 |     4 ||   141
       Call Canine Famil |     2 |    40 |    29 ||    71
       Call Imp          |       |    30 |    46 ||    76
       Summon Guardian G |       |     2 |    11 ||    13
Evoke: Deck              |       |       |     4 ||     4
       Wand              |       |       |     1 ||     1
  Use: Scroll            |     1 |     9 |     6 ||    16
 Stab: Sleeping          |     2 |       |     2 ||     4
       Distracted        |       |     1 |     1 ||     2
Armor: Robe              |    42 |    12 |    13 ||    67
Dodge: Dodged            |    97 |   111 |   274 ||   482
